AoeStats
← jasonpanex

Nomad

510819805Analyzed
4v4 RM · 13h ago on Oct 2, 2026· 30m 9s· 8 players
Game mode
Random Map
Map size
231×231
Population
200
Speed
Normal
Resources
Standard
Victory
Conquest
Starting age
Dark Age
Ending age
Imperial Age
RankedLock teamsTeams togetherTeam positionsShared explorationLock speedFull tech treeHidden civsTurbo modeCheats
Victory
Defeat
🇩🇪 Persians · Germany
1220
+15
🇫🇷 Burgundians · France
1213
+16
🇫🇷 Italians · France
1173
+17
🇰🇷 Koreans · South Korea
1158
+18
🇬🇧 Wei · United Kingdom
1224
-17
🇬🇧 Vietnamese · United Kingdom
1223
-17
🇺🇸 Mongols · United States
1192
-16
🇹🇼 Georgians · Taiwan
1183
-16
tretts
14:19 Loom
16:33 Feudal Age
20:43 Castle Age
18:39 Double-Bit Axe
18:43 Horse Collar
19:00 Gold Mining
28:16 Fletching
29:34 Ballistics
Dinsomnia
5:00 Loom
13:32 Feudal Age
18:25 Castle Age
16:38 Stone Mining
16:38 Double-Bit Axe
16:52 Stone Mining
17:53 Fishing Lines
18:20 Gold Mining
19:28 Fletching
20:34 Bodkin Arrow
22:53 Bow Saw
32:39 Imperial Age
green
11:21 Loom
13:45 Feudal Age
14:22 Double-Bit Axe
20:54 Castle Age
20:28 Forging
20:45 Scale Barding Armor
21:28 Bloodlines
21:50 Medium Warships
24:32 Husbandry
24:59 Horse Collar
26:34 Heavy Plow
28:05 Iron Casting
Barath
8:03 Loom
14:07 Feudal Age
14:21 Double-Bit Axe
14:18 Horse Collar
14:23 Fishing Lines
17:22 Bow Saw
17:30 Gillnets
20:26 Castle Age
19:11 Scale Barding Armor
21:03 Forging
21:09 Husbandry
20:30 Cavalier
22:14 Two-Man Saw
20:55 Horse Collar
22:38 Chain Barding Armor
23:05 Horse Collar
24:45 Wheelbarrow
23:56 Town Watch
25:20 Gold Mining
25:36 Heavy Plow
28:16 Iron Casting
BrianBoru
11:58 Loom
13:43 Feudal Age
16:27 Double-Bit Axe
19:09 Castle Age
17:02 Fletching
17:12 Horse Collar
19:04 Wheelbarrow
18:21 Gold Mining
20:13 Bodkin Arrow
20:56 Bow Saw
20:50 Heavy Plow
25:41 Padded Archer Armor
27:42 Leather Archer Armor
jasonpanex
6:31 Loom
14:07 Feudal Age
14:36 Town Watch
15:45 Gold Mining
15:43 Double-Bit Axe
15:49 Stone Mining
16:22 Fletching
Des
4:18 Loom
14:35 Feudal Age
18:07 Castle Age
22:51 Scale Barding Armor
Rincewind
5:13 Loom
13:21 Feudal Age
18:40 Castle Age
19:32 Double-Bit Axe
19:29 Horse Collar
25:13 Wheelbarrow
25:19 Scale Mail Armor
25:41 Forging
26:01 Squires
27:46 Gold Mining
28:25 Hand Cart
Connection lost

Rejoining the realm…

Still unreachable

The connection could not be restored.

Session expired

The server has moved on; the page needs a fresh start.